 Dungeon Crawl Stone Soup version 0.24.0-2-g5b39cebb1c (webtiles) character file.

Game seed: 6910916584817023421, levelgen mode: deterministic

7 Mrkan the Conjurer (level 1, 0/15 HPs)
             Began as a Draconian Conjurer on Oct 31, 2019.
             Slain by a worker ant zombie (5 damage)
             ... on level 2 of the Dungeon.
             The game lasted 00:01:26 (781 turns).

Mrkan the Conjurer (Draconian Conjurer)              Turns: 781, Time: 00:01:26

Health: 0/15       AC:  4    Str: 10    XL:     1   Next: 83%
Magic:  1/3        EV: 12    Int: 15    God:
Gold:   49         SH:  0    Dex: 11    Spells: 3/4 levels left

rFire    . . .     SeeInvis .   c - -3 dagger (curse)
rCold    . . .     Gourm    .   (no shield)
rNeg     . . .     Faith    .   (armour unavailable)
rPois    .         Spirit   .   (helmet restricted)
rElec    .         Reflect  .   (no cloak)
rCorr    .         Harm     .   (no gloves)
MR       .....                  (no boots)
Stlth    ++........             (no amulet)
HPRegen  0.05/turn              (no ring)
MPRegen  0.08/turn              (no ring)

@: no status effects
A: unfitting armour, cold-blooded, AC +4
a: no special abilities


You were on level 2 of the Dungeon.
You were not hungry.

You visited 1 branch of the dungeon, and saw 2 of its levels.

You collected 49 gold pieces.

Inventory:

Hand Weapons
 c - a cursed -3 dagger (weapon)
Jewellery
 g - an uncursed ring of protection from magic {unknown}
Scrolls
 a - a scroll of remove curse {unknown}
 f - a scroll of identify {unknown}
 h - a scroll of fog {unknown}
 j - a scroll of teleportation {unknown}
Potions
 d - a potion of heal wounds {unknown}
 e - a potion of agility {unknown}
 i - a potion of curing {unknown}
Comestibles
 b - 2 rations


   Skills:
 + Level 0.4 Fighting
 + Level 1.9 Dodging
 - Level 1.7 Stealth
 + Level 2.1 Spellcasting
 * Level 4.1 Conjurations


You had 3 spell levels left.
You knew the following spells:

 Your Spells              Type           Power        Failure   Level  Hunger
a - Magic Dart            Conj           ##..         4%          1    #......

Your spell library contained the following spells:

 Spells                   Type           Power        Failure   Level  Hunger
 Searing Ray              Conj           ##....       6%          2    ###....
 Dazzling Spray           Conj/Hex       #.....       28%         3    ###....
 Iskenderun's Mystic Bla  Conj           ##......     36%         4    #####..
 Force Lance              Conj/Tloc      #.......     67%         4    #####..
 Fulminant Prism          Conj/Hex       #.........   67%         4    #####..


Dungeon Overview and Level Annotations

Branches:
Dungeon (2/15)

Altars:


Innate Abilities, Weirdness & Mutations

Your plain brown scales are hard. (AC +4)
You cannot fit into any form of body armour.
You are cold-blooded and may be slowed by cold attacks.


Message History

Casting: Magic Dart (safe; 4% risk of failure)
Confirm with . or Enter, or press ? or * to list all spells.
Aiming: Magic Dart (safe; 4% risk of failure)
Press: ? - help, Shift-Dir - straight line, f/p - worker ant zombie
Aim: a worker ant zombie (moderately damaged)
The magic dart hits the bat zombie.
You destroy the bat zombie!
You hit the worker ant zombie but do no damage.
The worker ant zombie is moderately damaged.
The worker ant zombie bites you.
You hit the worker ant zombie.
The worker ant zombie is moderately damaged.
The worker ant zombie bites you.
You barely miss the worker ant zombie.
The worker ant zombie is moderately damaged.
The worker ant zombie bites you but does no damage.
You hit the worker ant zombie.
The worker ant zombie is moderately damaged.
The worker ant zombie bites you.
You die...

.# .# .#
.# .# .#
###.#.##.#
#.<.......
#@##..##.#
#Z# .# #.#
.. ... #.
... #
#....
#....
#.....


You could see a worker ant zombie.

Vanquished Creatures
  A bat zombie (D:2)
  A goblin (D:1)
  2 hobgoblins (D:1)
  A kobold (D:1)
  A rat (D:1)
6 creatures vanquished.

Notes
Turn   | Place    | Note
-------+----------+-------------------------------------------
     0 | D:1      | Mrkan the Draconian Conjurer began the quest for the Orb.
     0 | D:1      | Reached XP level 1. HP: 14/14 MP: 3/3
   781 | D:2      | Slain by a worker ant zombie

Levels and vault maps discovered:
D:1:      minmay_arrival_shoal_huts, layout_loops_ring
D:2:      layout_loops_ring, serial_undead, serial_undead_a, serial_undead_f,
          serial_undead_c, serial_undead_a, serial_undead_b, serial_undead_f,
          serial_undead_a, serial_undead_f, serial_undead_b, serial_undead_a,
          uniq_terence, uniq_sigmund

Action                   || total
-------------------------++-------
Melee: Dagger            ||    23
       Unarmed           ||     7
       Tailslap          ||     1
 Cast: Magic Dart        ||    11
Armor: Skin              ||    13
Dodge: Dodged            ||    21
